General information
- name: BNet
- type: Ladder team game (AT/RT)
- host: Battle.net
- saver: w.ar3isdead
map: TwilightRuins
- players: 8
- length: 39:12
- speed: Fast
- version: 1.26 W3XP
- replay type: Public
» download(258 KB)
Players
team 1 (loser)
maximus_max (
yellow | 98 APM | 2476 actions | 25:16)
4 Keeper of the Grove
2 Force of Nature
2 Entangling Roots
2 Priestess of the Moon
1 Scout
1 Trueshot Aura
2 Demon Hunter
1 Immolation
1 Evasion
» actions
| Assign group hotkey | 814 | |
| Build / train | 80 | |
| Enter build submenu | 17 | |
| Enter hero's abilities submenu | 11 | |
| Right click | 804 | |
| Select / deselect | 248 | |
| Select group hotkey | 420 | |
| Use ability | 82 | |
2476 total
» units
| Wisp | 29 | |
| Archer | 3 | |
| Huntress | 4 | |
| Druid of the Claw | 5 | |
| Dryad | 6 | |
| Hippogryph | 2 | |
49 total
» upgrades
| Strength of the Moon | 2 | |
| Strength of the Wild | 3 | |
| Druid of the Claw Training | 2 | |
| Abolish Magic | 1 | |
| Reinforced Hides | 3 | |
| Mark of the Claw | 1 | |
| Improved Bows | 1 | |
| Marksmanship | 1 | |
| Well Spring | 1 | |
| Ultravision | 1 | |
16 total
» buildings
| Altar of Elders | 1 | |
| Moon Well | 5 | |
| Ancient of War | 2 | |
| Hunter's Hall | 1 | |
| Tree of Ages | 3 | |
| Tree of Life | 3 | |
| Tree of Eternity | 1 | |
| Ancient of Lore | 3 | |
| Ancient of Wind | 2 | |
21 total
» build order
00:14 Altar of Elders
00:22 Moon Well
00:38 Moon Well
01:31 Ancient of War
01:59 Ancient of War
02:32 Hunter's Hall
02:47 Moon Well
04:25 Tree of Ages
04:25 Tree of Ages
05:58 Moon Well
06:29 Tree of Life
07:35 Tree of Eternity
07:40 Ancient of Lore
08:46 Ancient of Lore
08:48 Ancient of Lore
08:53 Tree of Life
10:53 Moon Well
14:45 Ancient of Wind
14:54 Ancient of Wind
17:02 Tree of Life
JUNGLE-FIGHTER. (
purple | 73 APM | 2878 actions | 39:09)
9 Blademaster
3 Wind Walk
3 Critical Strike
1 Bladestorm
2 Mirror Image
» actions
| Assign group hotkey | 71 | |
| Build / train | 71 | |
| Enter build submenu | 31 | |
| Enter hero's abilities submenu | 8 | |
| Give item / drop item | 1 | |
| Right click | 1251 | |
| Select / deselect | 198 | |
| Select group hotkey | 1036 | |
| Use ability | 211 | |
2878 total
» units
| Peon | 10 | |
| Goblin Shredder | 2 | |
| Wind Rider | 6 | |
| Troll Batrider | 5 | |
| Goblin Sapper | 4 | |
27 total
» upgrades
| Reinforced Defenses | 1 | |
| Envenomed Spears | 1 | |
| Ranged Weapons | 2 | |
| Armor | 2 | |
| Liquid Fire | 1 | |
| Ensnare | 1 | |
8 total
» buildings
| Altar of Storms | 1 | |
| Orc Burrow | 6 | |
| War Mill | 1 | |
| Watch Tower | 64 | |
| Stronghold | 3 | |
| Voodoo Lounge | 1 | |
| Fortress | 2 | |
| Great Hall | 1 | |
| Beastiary | 3 | |
82 total
» build order
00:07 Altar of Storms
00:23 Orc Burrow
00:39 War Mill
01:29 Orc Burrow
01:53 Watch Tower
02:15 Watch Tower
03:05 Stronghold
03:06 Stronghold
03:06 Stronghold
03:19 Voodoo Lounge
03:35 Watch Tower
03:56 Watch Tower
04:34 Watch Tower
04:36 Watch Tower
05:04 Orc Burrow
06:24 Fortress
07:15 Great Hall
07:21 Watch Tower
07:21 Watch Tower
07:22 Watch Tower
07:24 Watch Tower
07:25 Watch Tower
07:31 Watch Tower
08:26 Beastiary
08:26 Beastiary
08:32 Watch Tower
08:32 Watch Tower
08:34 Watch Tower
08:53 Watch Tower
10:08 Beastiary
11:06 Watch Tower
11:06 Watch Tower
11:20 Orc Burrow
11:21 Orc Burrow
12:26 Watch Tower
12:26 Watch Tower
12:27 Watch Tower
12:27 Watch Tower
13:42 Watch Tower
13:43 Watch Tower
14:37 Watch Tower
14:37 Watch Tower
14:38 Watch Tower
14:38 Watch Tower
14:39 Watch Tower
17:03 Watch Tower
17:04 Watch Tower
17:04 Watch Tower
17:04 Watch Tower
17:04 Watch Tower
17:05 Watch Tower
17:06 Watch Tower
17:06 Watch Tower
18:31 Watch Tower
18:31 Watch Tower
18:32 Watch Tower
18:32 Watch Tower
18:34 Watch Tower
18:35 Watch Tower
20:05 Watch Tower
20:05 Watch Tower
20:05 Watch Tower
20:06 Watch Tower
21:27 Watch Tower
21:28 Watch Tower
21:28 Watch Tower
21:28 Watch Tower
22:47 Watch Tower
22:47 Watch Tower
22:47 Watch Tower
22:48 Watch Tower
22:48 Watch Tower
22:49 Watch Tower
22:50 Watch Tower
22:51 Watch Tower
22:52 Watch Tower
22:53 Watch Tower
22:53 Watch Tower
22:54 Watch Tower
22:55 Watch Tower
23:25 Orc Burrow
» items
| Lesser Clarity Potion | 3 | |
| Healing Salve | 3 | |
| Scroll of Town Portal | 4 | |
| Staff of Teleportation | 1 | |
| Orb of Lightning | 1 | |
| Potion of Mana | 2 | |
| Potion of Lesser Invulnerability | 1 | |
| Potion of Healing | 1 | |
16 total
scorpionKjng (
green | 47 APM | 1660 actions | 35:11)
4 Archmage
2 Summon Water Elemental
2 Brilliance Aura
2 Mountain King
1 Storm Bolt
1 Bash
1 Keeper of the Grove
1 Entangling Roots
» actions
| Assign group hotkey | 20 | |
| Build / train | 76 | |
| Enter build submenu | 27 | |
| Enter hero's abilities submenu | 7 | |
| Remove unit from queue | 2 | |
| Right click | 708 | |
| Select / deselect | 230 | |
| Select group hotkey | 511 | |
| Use ability | 79 | |
1660 total
» units
| Peasant | 25 | |
| Footman | 6 | |
| Priest | 7 | |
| Gryphon Rider | 9 | |
| Rifleman | 1 | |
48 total
» upgrades
| Defend | 1 | |
| Lumber Harvesting | 2 | |
| Swords | 3 | |
| Armor | 3 | |
| Storm Hammers | 1 | |
| Priest Training | 2 | |
12 total
» buildings
| Altar of Kings | 1 | |
| Farm | 13 | |
| Barracks | 1 | |
| Arcane Vault | 1 | |
| Keep | 1 | |
| Lumber Mill | 2 | |
| Blacksmith | 1 | |
| Town Hall | 3 | |
| Arcane Sanctum | 1 | |
| Castle | 1 | |
| Gryphon Aviary | 3 | |
28 total
» build order
00:09 Altar of Kings
00:21 Farm
00:36 Barracks
01:07 Farm
01:44 Farm
02:22 Arcane Vault
03:38 Farm
04:14 Keep
04:17 Farm
04:49 Lumber Mill
04:58 Farm
05:37 Blacksmith
05:49 Town Hall
07:13 Arcane Sanctum
08:37 Farm
08:43 Castle
09:20 Farm
09:27 Gryphon Aviary
09:32 Gryphon Aviary
09:52 Gryphon Aviary
09:57 Farm
11:34 Farm
11:51 Lumber Mill
12:32 Farm
13:20 Farm
15:01 Farm
18:27 Town Hall
19:15 Town Hall
» items
TheRedskins (
red | 43 APM | 1096 actions | 25:22)
4 Death Knight
2 Death Coil
2 Unholy Aura
3 Crypt Lord
1 Impale
2 Spiked Carapace
» actions
| Assign group hotkey | 39 | |
| Build / train | 61 | |
| Enter build submenu | 29 | |
| Enter hero's abilities submenu | 7 | |
| Give item / drop item | 3 | |
| Remove unit from queue | 2 | |
| Right click | 365 | |
| Select / deselect | 244 | |
| Select group hotkey | 267 | |
| Use ability | 78 | |
1096 total
» units
| Acolyte | 13 | |
| Ghoul | 3 | |
| Crypt Fiend | 8 | |
| Obsidian Statue | 6 | |
30 total
» upgrades
| Creature Attack | 1 | |
| Web | 1 | |
| Burrow | 1 | |
| Creature Carapace | 1 | |
| Ghoul Frenzy | 1 | |
| Destroyer Form | 1 | |
6 total
» buildings
| Graveyard | 1 | |
| Ziggurat | 11 | |
| Crypt | 3 | |
| Altar of Darkness | 1 | |
| Nerubian Tower | 4 | |
| Tomb of Relics | 3 | |
| Halls of the Dead | 1 | |
| Black Citadel | 1 | |
| Necropolis | 5 | |
| Slaughterhouse | 2 | |
| Sacrificial Pit | 1 | |
| Spirit Tower | 4 | |
37 total
» build order
00:17 Graveyard
00:24 Ziggurat
00:33 Crypt
00:39 Crypt
01:08 Altar of Darkness
01:51 Nerubian Tower
02:04 Tomb of Relics
02:14 Ziggurat
03:54 Ziggurat
04:54 Ziggurat
05:48 Halls of the Dead
06:47 Crypt
08:24 Ziggurat
08:27 Black Citadel
08:32 Necropolis
11:14 Slaughterhouse
11:17 Sacrificial Pit
12:04 Slaughterhouse
12:29 Necropolis
12:33 Ziggurat
13:19 Spirit Tower
13:40 Spirit Tower
13:43 Spirit Tower
14:39 Tomb of Relics
15:04 Necropolis
15:07 Ziggurat
15:07 Ziggurat
15:08 Ziggurat
15:10 Tomb of Relics
15:55 Ziggurat
16:00 Ziggurat
16:21 Nerubian Tower
19:07 Nerubian Tower
19:23 Nerubian Tower
19:47 Spirit Tower
22:15 Necropolis
22:19 Necropolis
» items
| Rod of Necromancy | 2 | |
| Sentry Wards | 1 | |
| Potion of Healing | 1 | |
| Scroll of Town Portal | 1 | |
5 total
team 2 (winner)

»
Christmas.Angel (
blue | 31 APM | 1220 actions | 39:09)
7 Demon Hunter
2 Immolation
3 Evasion
1 Mana Burn
1 Metamorphosis
» actions
| Assign group hotkey | 18 | |
| Basic commands | 13 | |
| Build / train | 81 | |
| Enter build submenu | 29 | |
| Enter hero's abilities submenu | 7 | |
| Right click | 392 | |
| Select / deselect | 243 | |
| Select group hotkey | 379 | |
| Use ability | 58 | |
1220 total
» units
| Wisp | 35 | |
| Archer | 9 | |
| Hippogryph | 10 | |
54 total
» upgrades
| Strength of the Moon | 3 | |
| Moon Armor | 3 | |
| Hippogryph Taming | 1 | |
| Improved Bows | 1 | |
| Marksmanship | 1 | |
| Strength of the Wild | 1 | |
| Reinforced Hides | 1 | |
11 total
» buildings
| Altar of Elders | 1 | |
| Moon Well | 6 | |
| Hunter's Hall | 1 | |
| Ancient of War | 3 | |
| Ancient of Wonders | 1 | |
| Ancient Protector | 6 | |
| Tree of Ages | 1 | |
| Tree of Life | 6 | |
| Ancient of Wind | 4 | |
| Tree of Eternity | 1 | |
30 total
» build order
00:35 Altar of Elders
00:49 Moon Well
01:05 Moon Well
02:52 Hunter's Hall
02:56 Ancient of War
03:00 Ancient of War
03:22 Moon Well
03:27 Moon Well
03:41 Ancient of Wonders
04:01 Ancient Protector
04:07 Ancient Protector
06:13 Tree of Ages
07:03 Tree of Life
07:25 Moon Well
07:29 Moon Well
08:45 Ancient of Wind
08:47 Ancient of Wind
09:58 Tree of Eternity
14:40 Ancient of War
14:49 Ancient of Wind
14:52 Ancient of Wind
15:27 Tree of Life
18:46 Tree of Life
22:06 Tree of Life
22:42 Tree of Life
25:46 Ancient Protector
25:49 Ancient Protector
25:52 Ancient Protector
25:56 Ancient Protector
26:02 Tree of Life
» items
| Scroll of Town Portal | 4 | |
| Scroll of Protection | 1 | |
| Scroll of Healing | 1 | |
6 total
w.ar3isdead (
pink | 96 APM | 3783 actions | 39:12)
6 Archmage
3 Summon Water Elemental
2 Brilliance Aura
1 Mass Teleport
» actions
| Assign group hotkey | 109 | |
| Basic commands | 504 | |
| Build / train | 191 | |
| ESC pressed | 4 | |
| Enter build submenu | 61 | |
| Enter hero's abilities submenu | 6 | |
| Give item / drop item | 3 | |
| Right click | 1314 | |
| Select / deselect | 437 | |
| Select group hotkey | 917 | |
| Use ability | 237 | |
3783 total
» units
| Peasant | 14 | |
| Footman | 5 | |
| Goblin Shredder | 4 | |
| Mortar Team | 9 | |
| Sorceress | 2 | |
| Goblin Sapper | 3 | |
| Gryphon Rider | 4 | |
| Dragonhawk Rider | 4 | |
45 total
» upgrades
| Masonry | 3 | |
| Swords | 4 | |
| Gunpowder | 3 | |
| Sorceress Training | 2 | |
| Armor | 3 | |
| Fragmentation Shards | 1 | |
| Magic Sentry | 1 | |
| Storm Hammers | 1 | |
| Cloud | 1 | |
| Animal War Training | 1 | |
20 total
» buildings
| Farm | 15 | |
| Barracks | 1 | |
| Altar of Kings | 1 | |
| Arcane Vault | 1 | |
| Blacksmith | 1 | |
| Lumber Mill | 1 | |
| Scout Tower | 39 | |
| Guard Tower | 65 | |
| Keep | 3 | |
| Town Hall | 2 | |
| Workshop | 2 | |
| Arcane Sanctum | 1 | |
| Castle | 3 | |
| Gryphon Aviary | 4 | |
139 total
» build order
01:06 Farm
01:06 Farm
01:09 Barracks
01:13 Altar of Kings
01:48 Farm
02:03 Farm
02:48 Arcane Vault
02:58 Blacksmith
03:13 Lumber Mill
03:20 Farm
03:33 Scout Tower
03:36 Scout Tower
04:18 Guard Tower
04:49 Keep
04:50 Keep
04:50 Keep
05:38 Town Hall
05:52 Scout Tower
05:53 Scout Tower
05:55 Scout Tower
05:56 Scout Tower
06:10 Scout Tower
06:12 Scout Tower
06:13 Scout Tower
06:13 Scout Tower
06:22 Guard Tower
06:23 Guard Tower
06:23 Guard Tower
06:23 Guard Tower
06:23 Guard Tower
06:29 Guard Tower
06:30 Guard Tower
06:30 Guard Tower
06:56 Guard Tower
06:57 Guard Tower
06:57 Guard Tower
07:02 Guard Tower
08:05 Workshop
08:07 Arcane Sanctum
09:45 Castle
09:45 Castle
09:45 Castle
09:59 Scout Tower
09:59 Scout Tower
10:02 Scout Tower
10:04 Scout Tower
11:46 Scout Tower
11:47 Scout Tower
11:47 Scout Tower
11:50 Scout Tower
11:51 Scout Tower
11:52 Scout Tower
11:55 Farm
12:45 Guard Tower
12:46 Guard Tower
12:46 Guard Tower
12:51 Guard Tower
12:53 Guard Tower
12:53 Guard Tower
12:53 Guard Tower
12:53 Guard Tower
12:54 Guard Tower
12:54 Guard Tower
12:54 Guard Tower
12:54 Guard Tower
16:17 Gryphon Aviary
16:20 Gryphon Aviary
16:30 Guard Tower
16:53 Gryphon Aviary
16:55 Gryphon Aviary
17:03 Scout Tower
17:07 Scout Tower
17:09 Scout Tower
17:36 Guard Tower
17:36 Guard Tower
17:46 Guard Tower
17:46 Guard Tower
17:47 Guard Tower
19:28 Workshop
19:37 Scout Tower
19:38 Scout Tower
19:39 Scout Tower
19:40 Scout Tower
19:47 Scout Tower
19:48 Scout Tower
20:12 Guard Tower
20:13 Guard Tower
20:13 Guard Tower
20:14 Guard Tower
20:14 Guard Tower
20:15 Guard Tower
20:15 Guard Tower
20:15 Guard Tower
20:15 Guard Tower
21:02 Farm
21:03 Farm
21:04 Farm
21:07 Guard Tower
21:07 Guard Tower
22:41 Scout Tower
22:43 Scout Tower
22:44 Scout Tower
22:45 Scout Tower
22:47 Scout Tower
22:48 Scout Tower
22:49 Scout Tower
22:53 Scout Tower
22:55 Scout Tower
22:57 Scout Tower
23:04 Farm
23:07 Farm
23:09 Farm
23:12 Farm
23:16 Farm
23:48 Guard Tower
23:48 Guard Tower
23:48 Guard Tower
24:22 Guard Tower
24:22 Guard Tower
25:08 Guard Tower
25:08 Guard Tower
31:46 Town Hall
39:10 Farm
» items
| Scroll of Regeneration | 4 | |
| Mechanical Critter | 6 | |
| Periapt of Vitality | 1 | |
| Staff of Teleportation | 1 | |
| Staff of Sanctuary | 1 | |
| Scroll of Town Portal | 2 | |
15 total

»
YourDeadbeatDad (
orange | 79 APM | 3108 actions | 39:09)
9 Demon Hunter
3 Mana Burn
3 Evasion
1 Metamorphosis
2 Immolation
7 Keeper of the Grove
3 Entangling Roots
3 Thorns Aura
1 Tranquility
» actions
| Assign group hotkey | 75 | |
| Basic commands | 1 | |
| Build / train | 85 | |
| ESC pressed | 4 | |
| Enter build submenu | 18 | |
| Enter hero's abilities submenu | 17 | |
| Give item / drop item | 6 | |
| Right click | 1352 | |
| Select / deselect | 408 | |
| Select group hotkey | 992 | |
| Use ability | 149 | |
3108 total
» units
| Wisp | 19 | |
| Huntress | 4 | |
| Druid of the Claw | 7 | |
| Dryad | 9 | |
39 total
» upgrades
| Ultravision | 1 | |
| Druid of the Claw Training | 2 | |
| Abolish Magic | 1 | |
| Mark of the Claw | 1 | |
| Reinforced Hides | 3 | |
| Strength of the Wild | 3 | |
| Well Spring | 1 | |
12 total
» buildings
| Moon Well | 6 | |
| Altar of Elders | 1 | |
| Hunter's Hall | 1 | |
| Ancient of War | 1 | |
| Ancient Protector | 1 | |
| Ancient of Wonders | 1 | |
| Tree of Ages | 1 | |
| Tree of Life | 4 | |
| Ancient of Lore | 2 | |
| Tree of Eternity | 1 | |
19 total
» build order
00:11 Moon Well
01:09 Altar of Elders
01:20 Hunter's Hall
01:33 Ancient of War
01:52 Moon Well
02:49 Ancient Protector
02:55 Ancient of Wonders
04:06 Tree of Ages
04:55 Tree of Life
04:59 Moon Well
05:30 Moon Well
06:32 Ancient of Lore
06:37 Tree of Eternity
06:42 Ancient of Lore
14:40 Moon Well
14:42 Moon Well
26:51 Tree of Life
27:43 Tree of Life
28:45 Tree of Life
» items
| Staff of Preservation | 1 | |
| Lesser Clarity Potion | 1 | |
| Dust of Appearance | 1 | |
| Boots of Speed | 1 | |
| Potion of Lesser Invulnerability | 1 | |
| Scroll of Town Portal | 4 | |
| Orb of Venom | 1 | |
| Potion of Healing | 2 | |
| Potion of Greater Healing | 1 | |
13 total
monkeyass3 (
teal | 37 APM | 1234 actions | 33:20)
4 Tauren Chieftain
2 War Stomp
2 Endurance Aura
4 Shadow Hunter
2 Healing Wave
2 Hex
» actions
| Assign group hotkey | 11 | |
| Basic commands | 6 | |
| Build / train | 84 | |
| Enter build submenu | 24 | |
| Enter hero's abilities submenu | 8 | |
| Give item / drop item | 1 | |
| Remove unit from queue | 4 | |
| Right click | 673 | |
| Select / deselect | 328 | |
| Use ability | 95 | |
1234 total
» units
| Peon | 15 | |
| Grunt | 6 | |
| Tauren | 3 | |
| Goblin Shredder | 2 | |
| Shaman | 4 | |
| Troll Witch Doctor | 3 | |
| Troll Headhunter/Berserker | 9 | |
42 total
» upgrades
| Armor | 2 | |
| Melee Weapons | 1 | |
| Witch Doctor Training | 2 | |
| Shaman Training | 3 | |
| Pulverize | 1 | |
| Berserker Upgrade | 1 | |
| Reinforced Defenses | 1 | |
| Troll Regeneration | 2 | |
| Ranged Weapons | 1 | |
14 total
» buildings
| Altar of Storms | 1 | |
| Orc Burrow | 12 | |
| Barracks | 1 | |
| War Mill | 1 | |
| Voodoo Lounge | 2 | |
| Watch Tower | 11 | |
| Stronghold | 1 | |
| Spirit Lodge | 1 | |
| Fortress | 1 | |
| Great Hall | 3 | |
| Tauren Totem | 2 | |
36 total
» build order
00:24 Altar of Storms
00:29 Orc Burrow
00:41 Barracks
01:30 War Mill
02:24 Orc Burrow
02:30 Voodoo Lounge
03:18 Orc Burrow
03:30 Orc Burrow
03:43 Voodoo Lounge
04:05 Watch Tower
05:32 Stronghold
07:40 Watch Tower
07:42 Watch Tower
08:36 Spirit Lodge
09:20 Fortress
09:44 Great Hall
12:01 Tauren Totem
12:03 Tauren Totem
16:53 Watch Tower
16:54 Watch Tower
16:56 Watch Tower
16:57 Watch Tower
19:58 Orc Burrow
20:54 Watch Tower
20:55 Watch Tower
20:57 Watch Tower
20:58 Watch Tower
24:15 Orc Burrow
24:16 Orc Burrow
25:33 Great Hall
27:55 Orc Burrow
27:56 Orc Burrow
27:58 Orc Burrow
29:52 Orc Burrow
29:52 Orc Burrow
31:28 Great Hall
» items
| Healing Salve | 4 | |
| Lesser Clarity Potion | 1 | |
| Scroll of Town Portal | 5 | |
| Orb of Lightning | 1 | |
| Tiny Great Hall | 1 | |
12 total
Chat log
(00:43 / Allies) YourDeadbeatDad: hi guys...bears/dry dh/panda
(00:56 / Allies) monkeyass3: melee caster
(01:02 / All) scorpionKjng: ppl keep quiting in this game
(01:18 / All) scorpionKjng: hope we have a gg
(01:23 / All) TheRedskins: nice attitude you have quiter
(02:04 / All) YourDeadbeatDad: has anyone searched ffa lately? any games?
(02:30 / All) TheRedskins: quite chattering and play that game
(08:47 / Allies) monkeyass3: gold please
(09:01 / Allies) w.ar3isdead: It's in the mines
(09:06 / Allies) w.ar3isdead: I'm saving up for units
(12:17 / Allies) w.ar3isdead: gryphons
(12:40 / Allies) w.ar3isdead: double slaughterhouse
(12:42 / Allies) YourDeadbeatDad: im going
(13:25 / All) w.ar3isdead: the fuck is that necropolis for?
(13:37 / All) TheRedskins: high availability
(13:38 / Allies) YourDeadbeatDad: toing
(13:39 / Allies) Christmas.Angel: help
(15:16 / Allies) Christmas.Angel: gold plz
(15:30 / Allies) Christmas.Angel: ty
(15:55 / All) w.ar3isdead: Having fun red?
(18:05 / Allies) YourDeadbeatDad: im out
(18:10 / Allies) w.ar3isdead: why
(18:11 / Allies) w.ar3isdead: don't leave
(18:13 / Allies) w.ar3isdead: it's nopt over
(18:15 / Allies) w.ar3isdead: I raped red's base
(18:18 / Allies) w.ar3isdead: and I am halling green
(18:19 / Allies) YourDeadbeatDad: no
(18:24 / Allies) YourDeadbeatDad: i mean im tp out
(18:26 / Allies) w.ar3isdead: oh
(20:30 / All) JUNGLE-FIGHTER.: hippo nigger
(20:36 / All) JUNGLE-FIGHTER.: always nub elfs going hippos
(21:25 / All) YourDeadbeatDad: nice towers tho purp
(21:36 / All) JUNGLE-FIGHTER.: thx
(21:37 / All) JUNGLE-FIGHTER.: it will help
(21:40 / All) JUNGLE-FIGHTER.: just watch
(21:47 / All) YourDeadbeatDad: it will help prolong the agony
(23:46 / Allies) YourDeadbeatDad: pink u cancelled tranq
(23:50 / Allies) w.ar3isdead: sorry
(23:51 / Allies) w.ar3isdead: oops
(24:26 / Allies) w.ar3isdead: I think we won guys
(24:28 / Allies) w.ar3isdead: I think we did it
(24:29 / Allies) Christmas.Angel: gold
(24:32 / Allies) w.ar3isdead: and we're victorious
(24:42 / Allies) Christmas.Angel: gold plz
(24:57 / Allies) w.ar3isdead: afraid I don't have any to spare
(26:22 / All) JUNGLE-FIGHTER.: its over
(26:25 / All) JUNGLE-FIGHTER.: should have defended ur base
(26:29 / All) w.ar3isdead: yeah
(26:31 / All) w.ar3isdead: I think we lost
(26:43 / All) w.ar3isdead: my team was missing siomething and lost
(27:16 / All) w.ar3isdead: wow teal is noob
(27:20 / All) w.ar3isdead: suiciding all his shit into towers lol
(27:27 / All) w.ar3isdead: I have a noob team that's why I lost
(27:55 / All) w.ar3isdead: Purple would you say I was the only good player on my team pretty much?
(28:01 / All) JUNGLE-FIGHTER.: ya
(28:04 / All) JUNGLE-FIGHTER.: oj def sucks
(28:06 / All) w.ar3isdead: I think my allies just installed
(28:06 / All) JUNGLE-FIGHTER.: so does blue
(29:37 / All) w.ar3isdead: I have such a noob scrub team
(30:05 / All) w.ar3isdead: my nob team isn't even saying anything
(30:11 / All) w.ar3isdead: too noob to figure out how to chat
(30:18 / Allies) w.ar3isdead: why are you all such noobs
(30:43 / Allies) Christmas.Angel: why are you a gay incest fuck
(30:55 / All) w.ar3isdead: Blue says I'm a gay incest fuck but at least I'm not a noob like him
(31:04 / All) YourDeadbeatDad: ppl like pink are needed to make purp feel good
(31:09 / All) JUNGLE-FIGHTER.: lol
(31:11 / All) JUNGLE-FIGHTER.: cry
(31:13 / All) JUNGLE-FIGHTER.: like anigger
(31:31 / All) JUNGLE-FIGHTER.: u babies can leave
(31:33 / All) JUNGLE-FIGHTER.: or stay
(31:34 / All) JUNGLE-FIGHTER.: and get raped
(31:38 / All) w.ar3isdead: My team lost since they are noobs
(31:40 / All) w.ar3isdead: total noobs
(32:15 / All) JUNGLE-FIGHTER.: told u
(32:17 / All) JUNGLE-FIGHTER.: the towers would matter
(32:25 / All) YourDeadbeatDad: no the tk mattered
(32:32 / All) JUNGLE-FIGHTER.: irrelevant
(32:35 / All) JUNGLE-FIGHTER.: my towers won the game
(32:41 / All) JUNGLE-FIGHTER.: pink had 3 shitty allies
(33:00 / All) w.ar3isdead: My allies were scrubs
(33:40 / All) JUNGLE-FIGHTER.: owned bitch
(33:45 / All) YourDeadbeatDad: u ran away
(33:51 / All) JUNGLE-FIGHTER.: i raped ur army
(33:52 / All) JUNGLE-FIGHTER.: son
(33:55 / All) w.ar3isdead: Don't stay
(33:59 / All) w.ar3isdead: it'll only prolong the agony, orange
(34:07 / All) YourDeadbeatDad: u cant rape the willing
(35:13 / All) JUNGLE-FIGHTER.: coward
(35:26 / All) JUNGLE-FIGHTER.: raped
(35:27 / All) YourDeadbeatDad: lol
(35:27 / All) JUNGLE-FIGHTER.: lol
(35:30 / All) w.ar3isdead: rape
(35:33 / All) YourDeadbeatDad: that was nice
(35:41 / All) JUNGLE-FIGHTER.: only thing u can do is tip ur hat
(36:13 / All) JUNGLE-FIGHTER.: dont feel discourged . it is an honor to get raped by the fearsome twosome
(36:30 / All) JUNGLE-FIGHTER.: we have been doing this since you were a cub
(36:38 / All) JUNGLE-FIGHTER.: there is honor in it
(37:31 / All) w.ar3isdead: kill orange wells at top left
(37:34 / All) w.ar3isdead: the other top left base
(37:55 / All) JUNGLE-FIGHTER.: havent weplayed oj before
(38:48 / All) w.ar3isdead: maybe
(39:07 / All) w.ar3isdead: Anything you want to say?
(39:09 / All) YourDeadbeatDad: well ive got to go scrub my crotch...ill see you later